BSA
PLYMOUTH ROCKS @ MAUI TROPICS
04/14/2026
 
TOP OF THE 1ST
Plymouth Rocks batting - Pitching for Maui Tropics : RHP Denny Green
Pitching: RHP Denny Green
Batting: RHB José Flores 0-0: Called Strike
0-1: Ball
1-1: Ground out 5-3 (Groundball, 56)
Batting: RHB António Zúńiga 0-0: Ball
1-0: Fly out, F5 (Line Drive, 56)
Batting: LHB Roy Patrick 0-0: Called Strike
0-1: Ball
1-1: Ball
2-1: Ball
3-1: SOLO HOME RUN (Line Drive, 9D), Distance : 349 ft
Batting: SHB Greg Welch 0-0: Ground out 4-3 (Groundball, 34)
Top of the 1st over - 1 run(s), 1 hit(s), 0 error(s), 0 left on base; Plymouth 1 - Maui 0
BOTTOM OF THE 1ST
Maui Tropics batting - Pitching for Plymouth Rocks : RHP José López
Pitching: RHP José López
Batting: RHB Matt Silver 0-0: Foul Ball, location: 2F
0-1: Called Strike
0-2: Strikes out looking
Batting: RHB José Rodríguez 0-0: Ball
1-0: Ball
2-0: Foul Ball, location: 2F
2-1: Foul Ball, location: 2F
2-2: Foul Ball, location: 2F
2-2: Strikes out swinging
Batting: LHB Luis Antonio Torres 0-0: Ball
1-0: Ball
2-0: Called Strike
2-1: Called Strike
2-2: Ball
3-2: Strikes out swinging
Bottom of the 1st over - 0 run(s), 0 hit(s), 0 error(s), 0 left on base; Plymouth 1 - Maui 0
TOP OF THE 2ND
Plymouth Rocks batting - Pitching for Maui Tropics : RHP Denny Green
Batting: LHB Barrett Waters 0-0: SOLO HOME RUN (Flyball, 89XD), Distance : 385 ft
Batting: LHB Roger Moore 0-0: DOUBLE (Flyball, 89D)
Batting: RHB Jorge Jiménez 0-0: Ball
1-0: Called Strike
1-1: Ground out U3 (Groundball, 3)
Roger Moore to third
Batting: LHB Frank Geddes 0-0: Called Strike
0-1: Ball
1-1: Swinging Strike
1-2: Ball
2-2: Fly out, F8 (Flyball, 8RXD)
Runner from 3rd tags up, SCORES, no throw
Batting: RHB António Gonzáles 0-0: Ball
1-0: Ball
2-0: Foul Ball, location: 2F
2-1: Foul Ball, location: 2F
2-2: Foul Ball, location: 2F
2-2: Foul Ball, location: 2F
2-2: Foul Ball, location: 2F
2-2: Fly out, F8 (Line Drive, 8LM)
Top of the 2nd over - 2 run(s), 2 hit(s), 0 error(s), 0 left on base; Plymouth 3 - Maui 0
BOTTOM OF THE 2ND
Maui Tropics batting - Pitching for Plymouth Rocks : RHP José López
Batting: RHB Jesús Espinoza 0-0: Called Strike
0-1: Ground out 4-3 (Groundball, 4)
Batting: LHB Anacleto Morillo 0-0: Ground out U3 (Groundball, 3L)
Batting: RHB Luis Alou 0-0: Ball
1-0: Called Strike
1-1: SINGLE (Groundball, 56D)
Batting: LHB Henry Huffman 0-0: Ball
1-0: Ball
2-0: Foul Ball, location: 2F
2-1: Called Strike
Luis Alou is caught stealing 2nd base
Bottom of the 2nd over - 0 run(s), 1 hit(s), 0 error(s), 0 left on base; Plymouth 3 - Maui 0
TOP OF THE 3RD
Plymouth Rocks batting - Pitching for Maui Tropics : RHP Denny Green
Batting: RHB José Flores 0-0: Ground out 6-3 (Groundball, 6)
Batting: RHB António Zúńiga 0-0: Called Strike
0-1: Foul Ball, location: 2F
0-2: Foul Ball, location: 2F
0-2: Foul Ball, location: 2F
0-2: Ball
1-2: Foul Ball, location: 2F
1-2: Strikes out swinging
Batting: LHB Roy Patrick 0-0: Ground out 5-3 (Groundball, 5S)
Top of the 3rd over - 0 run(s), 0 hit(s), 0 error(s), 0 left on base; Plymouth 3 - Maui 0
BOTTOM OF THE 3RD
Maui Tropics batting - Pitching for Plymouth Rocks : RHP José López
Batting: LHB Henry Huffman 0-0: Foul Ball, location: 2F
0-1: Foul Ball, location: 2F
0-2: Ball
1-2: Ball
2-2: Foul Ball, location: 2F
2-2: Ball
3-2: Foul Ball, location: 2F
3-2: Foul Ball, location: 2F
3-2: Foul Ball, location: 2F
3-2: Strikes out swinging
Batting: RHB Michael Woodruff 0-0: Called Strike
0-1: Foul Ball, location: 2F
0-2: Ball
1-2: Strikes out swinging
Batting: RHB Eugene Gill 0-0: Ball
1-0: Called Strike
1-1: Ball
2-1: Ball
3-1: Fly out, F9 (Popup, 34D)
Bottom of the 3rd over - 0 run(s), 0 hit(s), 0 error(s), 0 left on base; Plymouth 3 - Maui 0
TOP OF THE 4TH
Plymouth Rocks batting - Pitching for Maui Tropics : RHP Denny Green
Batting: SHB Greg Welch 0-0: Foul Ball, location: 2F
0-1: SINGLE (Groundball, 4MD)
Batting: LHB Barrett Waters 0-0: Called Strike
0-1: Ball
1-1: Called Strike
1-2: Ball
2-2: Strikes out swinging
Batting: LHB Roger Moore 0-0: Ball
1-0: Grounds into double play, 4-6-3 (Groundball, 4)
Top of the 4th over - 0 run(s), 1 hit(s), 0 error(s), 0 left on base; Plymouth 3 - Maui 0
BOTTOM OF THE 4TH
Maui Tropics batting - Pitching for Plymouth Rocks : RHP José López
Batting: RHB Matt Silver 0-0: Ground out 6-3 (Groundball, 6D)
Batting: RHB José Rodríguez 0-0: Ball
1-0: Ball
2-0: Called Strike
2-1: Ball
3-1: SOLO HOME RUN (Flyball, 7D), Distance : 366 ft
Batting: LHB Luis Antonio Torres 0-0: Called Strike
0-1: SINGLE (Line Drive, 8LS)
Batting: RHB Jesús Espinoza 0-0: Fly out, F8 (Flyball, 8LM)
Batting: LHB Anacleto Morillo 0-0: Foul Ball, location: 2F
0-1: Foul Ball, location: 2F
0-2: Foul Ball, location: 2F
0-2: Ground out U3 (Groundball, 3)
Bottom of the 4th over - 1 run(s), 2 hit(s), 0 error(s), 1 left on base; Plymouth 3 - Maui 1
TOP OF THE 5TH
Plymouth Rocks batting - Pitching for Maui Tropics : RHP Denny Green
Batting: RHB Jorge Jiménez 0-0: Foul Ball, location: 2F
0-1: Swinging Strike
0-2: Ball
1-2: Strikes out swinging
Batting: LHB Frank Geddes 0-0: Foul Ball, location: 2F
0-1: DOUBLE (Line Drive, 89M)
Batting: RHB António Gonzáles 0-0: Fly out, F2 (Popup, 2RF)
Batting: RHB José Flores 0-0: Ball
1-0: Ball
2-0: Called Strike
2-1: DOUBLE (Flyball, 78XD)
Frank Geddes scores
Batting: RHB António Zúńiga 0-0: Foul Ball, location: 2F
0-1: Called Strike
0-2: Ball
1-2: Ball
2-2: Foul Ball, location: 2F
2-2: Foul Ball, location: 2F
2-2: Fly out, F8 (Flyball, 89M)
Top of the 5th over - 1 run(s), 2 hit(s), 0 error(s), 1 left on base; Plymouth 4 - Maui 1
BOTTOM OF THE 5TH
Maui Tropics batting - Pitching for Plymouth Rocks : RHP José López
Batting: RHB Luis Alou 0-0: Swinging Strike
0-1: Ball
1-1: Fly out, F3 (Popup, 23F)
Batting: LHB Henry Huffman 0-0: Ball
1-0: Ground out U3 (Groundball, 3L)
Batting: RHB Michael Woodruff 0-0: Called Strike
0-1: Ground out 6-3 (Groundball, 6)
Bottom of the 5th over - 0 run(s), 0 hit(s), 0 error(s), 0 left on base; Plymouth 4 - Maui 1
TOP OF THE 6TH
Plymouth Rocks batting - Pitching for Maui Tropics : RHP Denny Green
Batting: LHB Roy Patrick 0-0: Called Strike
0-1: Foul Ball, location: 2F
0-2: Strikes out swinging
Batting: SHB Greg Welch 0-0: Swinging Strike
0-1: SINGLE (Line Drive, 7LS)
Batting: LHB Barrett Waters 0-0: Ball
1-0: Ball
2-0: Ball
3-0: Called Strike
3-1: Foul Ball, location: 2F
3-2: Foul Ball, location: 2F
3-2: Fielders Choice at 2nd, 3-6 (Groundball, 3)
Batting: LHB Roger Moore 0-0: Ball
Barrett Waters is caught stealing 2nd base
Top of the 6th over - 0 run(s), 1 hit(s), 0 error(s), 0 left on base; Plymouth 4 - Maui 1
BOTTOM OF THE 6TH
Maui Tropics batting - Pitching for Plymouth Rocks : RHP José López
Batting: RHB Eugene Gill 0-0: Ball
1-0: Called Strike
1-1: Bunted foul
1-2: Ball
2-2: Ball
3-2: Fly out, F9 (Line Drive, 89D)
Batting: RHB Matt Silver 0-0: Swinging Strike
0-1: Ball
1-1: Ball
2-1: Swinging Strike
2-2: Strikes out swinging
Batting: RHB José Rodríguez 0-0: DOUBLE (Line Drive, 7LD)
Batting: LHB Luis Antonio Torres 0-0: Fly out, F6 (Popup, 5D)
Bottom of the 6th over - 0 run(s), 1 hit(s), 0 error(s), 1 left on base; Plymouth 4 - Maui 1
TOP OF THE 7TH
Plymouth Rocks batting - Pitching for Maui Tropics : RHP Denny Green
Batting: LHB Roger Moore 0-0: Called Strike
0-1: Ball
1-1: Ball
2-1: Foul Ball, location: 2F
2-2: Strikes out swinging
Batting: RHB Jorge Jiménez 0-0: Called Strike
0-1: Ball
1-1: Ball
2-1: Called Strike
2-2: Foul Ball, location: 2F
2-2: Fly out, F4 (Line Drive, 4)
Batting: LHB Frank Geddes 0-0: Ball
1-0: Foul Ball, location: 2F
1-1: Fly out, F6 (Popup, 6D)
Top of the 7th over - 0 run(s), 0 hit(s), 0 error(s), 0 left on base; Plymouth 4 - Maui 1
BOTTOM OF THE 7TH
Maui Tropics batting - Pitching for Plymouth Rocks : RHP José López
Batting: RHB Jesús Espinoza 0-0: SINGLE (Groundball, 56D)
Batting: LHB Anacleto Morillo 0-0: Ball
1-0: Ball
2-0: Called Strike
2-1: Ball
3-1: Called Strike
3-2: Grounds into double play, 6-4-3 (Groundball, 6)
Batting: RHB Luis Alou 0-0: DOUBLE (Line Drive, 7LM)
Batting: LHB Henry Huffman 0-0: SINGLE (Flyball, 7S)
Luis Alou to third
Runner from 3rd tries for Home, SAFE, no throw or cutoff
Batting: RHB Michael Woodruff 0-0: Foul Ball, location: 2F
0-1: Ball
1-1: 2-RUN HOME RUN (Flyball, 7D), Distance : 353 ft
Batting: RHB Eugene Gill 0-0: SINGLE (Groundball, 56)
Pinch Hitting: RHB José Herrera 0-0: Called Strike
Eugene Gill is caught stealing 2nd base
Bottom of the 7th over - 3 run(s), 5 hit(s), 0 error(s), 0 left on base; Plymouth 4 - Maui 4
TOP OF THE 8TH
Plymouth Rocks batting - Pitching for Maui Tropics : RHP Denny Green
Now at SS: Javier Espinoza
Batting: RHB António Gonzáles 0-0: Called Strike
0-1: Swinging Strike
0-2: Ball
1-2: Ball
2-2: Ball
3-2: Ground out 6-3 (Groundball, 6)
Batting: RHB José Flores 0-0: Called Strike
0-1: Foul Ball, location: 2F
0-2: Ball
1-2: Ball
2-2: Ball
3-2: Strikes out swinging
Batting: RHB António Zúńiga 0-0: Foul Ball, location: 2F
0-1: Ball
1-1: SINGLE (Line Drive, 34)
Batting: LHB Roy Patrick 0-0: Ball
1-0: Fly out, F7 (Line Drive, 78D)
Top of the 8th over - 0 run(s), 1 hit(s), 0 error(s), 1 left on base; Plymouth 4 - Maui 4
BOTTOM OF THE 8TH
Maui Tropics batting - Pitching for Plymouth Rocks : RHP José López
Batting: LHB Javier Espinoza 0-0: Ball
1-0: Ground out 6-3 (Groundball, 6M)
Batting: RHB José Rodríguez 0-0: Ball
1-0: Foul Ball, location: 2F
1-1: Fly out, F1 (Line Drive, 13)
Batting: LHB Luis Antonio Torres 0-0: Fly out, F7 (Flyball, 7M)
Bottom of the 8th over - 0 run(s), 0 hit(s), 0 error(s), 0 left on base; Plymouth 4 - Maui 4
TOP OF THE 9TH
Plymouth Rocks batting - Pitching for Maui Tropics : RHP Denny Green
Pitching: RHP Yong-taek Yi
Batting: SHB Greg Welch 0-0: Ground out 4-3 (Groundball, 4M)
Batting: LHB Barrett Waters 0-0: Foul Ball, location: 2F
0-1: Ball
1-1: Ball
2-1: Foul Ball, location: 2F
2-2: Fly out, F8 (Flyball, 8LXD)
Batting: LHB Roger Moore 0-0: Ball
1-0: Called Strike
1-1: Swinging Strike
1-2: Ball
2-2: Foul Ball, location: 2F
2-2: Strikes out swinging
Top of the 9th over - 0 run(s), 0 hit(s), 0 error(s), 0 left on base; Plymouth 4 - Maui 4
BOTTOM OF THE 9TH
Maui Tropics batting - Pitching for Plymouth Rocks : RHP José López
Batting: RHB Jesús Espinoza 0-0: Ball
1-0: Ball
2-0: Called Strike
2-1: Called Strike
2-2: Ball
3-2: Strikes out swinging
Batting: LHB Anacleto Morillo 0-0: Ball
1-0: Swinging Strike
1-1: Foul Ball, location: 2F
1-2: Ball
2-2: Foul Ball, location: 2F
2-2: Ball
3-2: Strikes out swinging
Batting: RHB Luis Alou 0-0: Called Strike
0-1: Foul Ball, location: 2F
0-2: Ball
1-2: Foul Ball, location: 2F
1-2: Ball
2-2: Strikes out looking
Bottom of the 9th over - 0 run(s), 0 hit(s), 0 error(s), 0 left on base; Plymouth 4 - Maui 4
TOP OF THE 10TH
Plymouth Rocks batting - Pitching for Maui Tropics : RHP Yong-taek Yi
Batting: RHB Jorge Jiménez 0-0: Ball
1-0: Called Strike
1-1: Called Strike
1-2: Ball
2-2: Foul Ball, location: 2F
2-2: Foul Ball, location: 2F
2-2: SOLO HOME RUN (Flyball, 9D), Distance : 358 ft
Batting: LHB Frank Geddes 0-0: Swinging Strike
0-1: SINGLE (Groundball, 56D)
Batting: RHB António Gonzáles 0-0: Fly out, F4 (Popup, 34D)
Batting: RHB José Flores 0-0: Called Strike
0-1: Ball
1-1: Ball
2-1: Foul Ball, location: 2F
2-2: Foul Ball, location: 2F
2-2: Foul Ball, location: 2F
2-2: Foul Ball, location: 2F
2-2: Foul Ball, location: 2F
2-2: Fielders Choice at 2nd, 6-4 (Groundball, 6D)
Batting: RHB António Zúńiga 0-0: Ball
1-0: Fly out, F4 (Popup, 34D)
Top of the 10th over - 1 run(s), 2 hit(s), 0 error(s), 1 left on base; Plymouth 5 - Maui 4
BOTTOM OF THE 10TH
Maui Tropics batting - Pitching for Plymouth Rocks : RHP José López
Pitching: RHP Scot MacIntosh
Now at C: Tadakuni Sugiyama
Now at 1B: Alberto Hernández
Batting: LHB Henry Huffman 0-0: Foul Ball, location: 2F
0-1: Ball
1-1: Ball
2-1: Foul Ball, location: 2F
2-2: SINGLE (Line Drive, 34)
Batting: RHB Michael Woodruff 0-0: Bunted foul
0-1: Bunted foul
0-2: Ball
1-2: Foul Ball, location: 2F
Balk!
Henry Huffman to second
1-2: Ball
2-2: Fly out, F8 (Flyball, 8RXD)
Runner from 2nd tags up, SAFE at 3rd, no throw
Batting: RHB Eugene Gill 0-0: Ball
1-0: 2-RUN HOME RUN (Flyball, 7D), Distance : 356 ft
Monday, December 5th, 2016 - OOTP Baseball 17.12 Build 75